 Dungeon Crawl Stone Soup version 0.28-a0-1190-g77e1c55843 (webtiles) character file.

Game seed: 4617734545911562220

114 fragbeetle the Ruffian (level 4, 0/35 HPs)
             Began as a Draconian Transmuter on Dec 18, 2021.
             Killed from afar by Ijyb (5 damage)
             ... with a puff of flame
             ... on level 3 of the Dungeon.
             The game lasted 00:04:46 (2040 turns).

fragbeetle the Ruffian (Draconian Transmuter)       Turns: 2040, Time: 00:04:47

Health: 0/35       AC:  5    Str: 14    XL:     4   Next: 67%
Magic:  6/7        EV: 12    Int: 13    God:
Gold:   125        SH:  0    Dex: 12    Spells: 3/7 levels left

rFire   . . .      SeeInvis .     - Unarmed
rCold   . . .      Faith    .   (no shield)
rNeg    . . .      Spirit   .   (armour unavailable)
rPois   .          Reflect  .   (helmet currently unavailable)
rElec   .          Harm     .   (no cloak)
rCorr   .          Rampage  .   (no gloves)
Will    ++...                   (boots currently unavailable)
Stlth   +.........              (no amulet)
HPRegen 0.11/turn               e - ring of willpower
MPRegen 0.10/turn               g - ring of willpower

@: lethally poisoned (0 -> -16), appendages, hasted, very quick
A: horns 2, talons 2, AC +5, unfitting armour, cold-blooded
a: End Transformation


You were on level 3 of the Dungeon.
You had temporarily grown beastly horns and talons.
You visited 1 branch of the dungeon, and saw 3 of its levels.

You collected 125 gold pieces.

Inventory:

Armour
 b - a +0 pair of boots (melded)
Jewellery
 e - a ring of willpower (left hand)
 g - a ring of willpower (right hand)
Scrolls
 a - a scroll of immolation
 f - a scroll of teleportation {unknown}
 h - 2 scrolls of fear {unknown}
 i - a scroll of identify {unknown}
 j - a scroll of vulnerability {unknown}
Potions
 c - a potion of mutation {unknown}
 d - 2 potions of haste


   Skills:
 - Level 1.1 Fighting
 - Level 2.3 Dodging
 + Level 4.0 Unarmed Combat
 - Level 2.0 Spellcasting
 + Level 3.2 Transmutations
 + Level 1.6 Poison Magic


You had 3 spell levels left.
You knew the following spells:

 Your Spells              Type           Power      Damage    Failure   Level
a - Beastly Appendage     Tmut           18%        N/A       7%          1
b - Spider Form           Tmut/Pois      7%         N/A       28%         3

Your spell library contained the following spells:

 Spells                   Type           Power      Damage    Failure   Level
 Wereblood                Tmut           9%         N/A       10%         2
 Ice Form                 Ice/Tmut       5%         N/A       78%         4


Dungeon Overview and Level Annotations

Branches:
Dungeon (3/15)

Altars:
Ashenzari
Nemelex Xobeh
Qazlal

Shops:
D:1 :[(

Annotations:
D:3 Ijyb


Innate Abilities, Weirdness & Mutations

You have temporarily grown beastly horns and talons.
Your plain brown scales are hard. (AC +5)
You cannot fit into any form of body armour.
You are cold-blooded and may be slowed by cold attacks.


Message History

You climb upwards.
There is a stone staircase leading down here.
There is a stone staircase leading down here.
You climb downwards.
Level annotation: Ijyb
There is a stone staircase leading up here.
You grow a pair of large bovine horns.
Your feet morph into talons.
Your +0 pair of boots melds into your body.
Your transformation is almost over.
Your horns disappear.
Your talons disappear.
Your +0 pair of boots unmelds from your body.
A dart slug comes into view.
Found 24 stones.
Found a leather armour.
Ijyb shouts!
Ijyb zaps a wand.
The puff of flame hits you.
You grow a pair of large bovine horns.
Your feet morph into talons.
Your +0 pair of boots melds into your body.
Ijyb zaps a wand.
The puff of flame hits you.
You barely miss Ijyb. You headbutt Ijyb.
Ijyb is lightly wounded.
Ijyb hits you with a +1 dagger of venom.
You are poisoned.
You barely miss Ijyb. You claw Ijyb, but do no damage.
Ijyb is lightly wounded.
You feel very sick.
Ijyb hits you with a +1 dagger of venom.
You are lethally poisoned!
You hit Ijyb but do no damage. Your headbutt misses Ijyb.
You tail-slap Ijyb, but do no damage.
Ijyb is lightly wounded.
* * * LOW HITPOINT WARNING * * *
You feel very sick.
Ijyb screams, "It's all mine!"
Ijyb misses you.
It was a potion of haste.
You feel yourself speed up.
* * * LOW HITPOINT WARNING * * *
You feel very sick.
Ijyb zaps a wand.
The puff of flame hits you.
You die...

#################
########...##.....g.<...
...........##.######....
....(......##.# #....
...........##.######....
#......................
#.####.#.###.####....##
#g#.# #.# #.#.##. ##@#[#
#.# #.#÷#.† #..#.#
#.####.#.#._ #.##.#
#.....w..#.. #.##.#
#######..#⌠. #.##.#
###..### #.# #....w.8
#.# #.#....+ #.#
#.#.(..8 #.# #.#.....


You could see Ijyb.

Vanquished Creatures
  A hound (D:3)
  Jessica (D:2)
  2 adders (D:3)
  A dart slug (D:2)
  4 endoplasms
  A giant cockroach (D:2)
  7 hobgoblins
  2 quokkas (D:1)
  5 ball pythons
  3 bats
  2 goblins (D:2)
  5 kobolds
  3 rats
37 creatures vanquished.

Notes
Turn   | Place    | Note
-------+----------+-------------------------------------------
     0 | D:1      | fragbeetle the Draconian Transmuter began the quest for the
                  | Orb.
     0 | D:1      | Reached XP level 1. HP: 16/16 MP: 3/3
    54 | D:1      | Found Kyiwk's Antique Weapon Emporium.
   299 | D:1      | Found Jabri's Antique Armour Emporium.
   311 | D:1      | Found Keclopna's Book Boutique.
   383 | D:1      | Found a faded altar of an unknown god.
   404 | D:1      | Reached XP level 2. HP: 23/23 MP: 1/5
  1097 | D:2      | Reached XP level 3. HP: 27/28 MP: 6/6
  1106 | D:2      | Learned a level 3 spell: Spider Form
  1151 | D:2      | Noticed Jessica
  1159 | D:2      | Killed Jessica
  1584 | D:3      | Reached skill level 1 in Poison Magic
  1613 | D:3      | Reached XP level 4. HP: 29/35 MP: 5/7
  1745 | D:3      | Found a sparkling altar of Nemelex Xobeh.
  1825 | D:3      | Found a large runed translucent door.
  1826 | D:3      | Found a large runed translucent door.
  1841 | D:3      | Found a stormy altar of Qazlal.
  1861 | D:3      | Found a broken altar of Ashenzari.
  1935 | D:3      | Reached skill level 4 in Unarmed Combat
  1943 | D:3      | Noticed Ijyb
  2040 | D:3      | Killed from afar by Ijyb

Illustrated notes

Levels and vault maps discovered:
D:1:      wheals_arrival_linesprint, layout_basic, serial_shops,
          nicolae_diamond_shop, shop, shop, hellmonk_ecumenical_altar_blasted
D:2:      layout_rooms, minmay_tetromino_l2, uniq_jessica
D:3:      layout_loops_ring, mainiacjoe_overflow_alcove_4,
          jmf_multi_god_temple2, nicolae_overflow_hidden_temple, uniq_ijyb

Skill      XL: |  1  2  3  4 |
---------------+-------------+-----
Dodging        | 2 |  2.3
Poison Magic   | 1 |  1.6
Transmutations | 3 |  3.2
Unarmed Combat | 4 |  4.0
Fighting       | |  1.1
Spellcasting   | |  2.0

Action                   |  1- 3 |  4- 6 || total
-------------------------+-------+-------++-------
Melee: Unarmed           |    73 |    21 ||    94
       Kick              |     8 |     5 ||    13
       Headbutt          |     6 |     2 ||     8
       Tailslap          |     5 |     2 ||     7
 Cast: Beastly Appendage |    20 |     7 ||    27
  Use: Potion            |       |     1 ||     1
 Stab: Sleeping          |       |     1 ||     1
Armor: Skin              |    20 |     6 ||    26
Dodge: Dodged            |    55 |    15 ||    70

Table legend: (Time is in decaauts)
 A = Elapsed time spent in this place.
 B = Non-inter-level travel time spent in this place.
 C = Inter-level travel time spent in this place.
 D = Time resting spent in this place.
 E = Time spent auto-exploring this place.
 F = Levels seen in this place.
 G = Mean time per level.
                   A        B        C        D        E       F      G
               +--------+--------+--------+--------+--------+-----+--------+
         Total |   2036 |   1939 |     97 |     74 |   1404 |   3 |  678.7 |
       Dungeon |   2036 |   1939 |     97 |     74 |   1404 |   3 |  678.7 |
               +--------+--------+--------+--------+--------+-----+--------+

Top non-repeatable levels by time:
     D:1: 868 daAuts
     D:2: 702 daAuts
     D:3: 465 daAuts
